 Dungeon Crawl Stone Soup version 0.30-a0-996-ga6910c8ee8 (webtiles) character file.

Game seed: 1917183261164736232

2164 Pooter the Cleaver (level 9, -6/79 HPs)
             Began as a Minotaur Delver on Apr 5, 2023.
             Was a Plaything of Xom.
             Mangled by an orc knight
             ... wielding a +0 glaive
              (17 damage)
             ... in a bailey.
             The game lasted 00:33:17 (5901 turns).

Pooter the Cleaver (Minotaur Delver)                Turns: 5901, Time: 00:33:18

Health: -6/79      AC: 11    Str: 30    XL:     9   Next: 10%
Magic:  8/8        EV:  7    Int:  6    God:    Xom [.*....]
Gold:   363        SH:  8    Dex: 12    Spells: 8/8 levels left

rFire   . . .      SeeInvis +    a - +0 war axe
rCold   . . .      Faith    .    K - +2 kite shield
rNeg    . . .      Spirit   .    h - +0 chain mail
rPois   .          Reflect  .    (helmet restricted)
rElec   .          Rampage  .    (no cloak)
rCorr   .                        r - +0 pair of gloves
Will    .....                    (no boots) Stlth
                                 M - amulet of regeneration
HPRegen 1.13/turn                S - ring of see invisible
MPRegen 0.11/turn                B - +6 ring of strength

@: invisible
A: horns 2, retaliatory headbutt, iridescent scales 1, strong 1
a: Renounce Religion


You were in a bailey.
You worshipped Xom.
You were a plaything of Xom.
You visited 1 branch of the dungeon, and saw 7 of its levels.
You also visited: Bailey.

You collected 363 gold pieces.

Inventory:

Hand Weapons
 a - a +0 war axe (weapon)
   (You took it off an orc on level 3 of the Dungeon)
 b - the +1 sling "Yziaxo" {elec, Will++ rCorr}
   (You found it on level 5 of the Dungeon)

   rCorr:     It protects you from acid and corrosion.
   Will:      It greatly increases your willpower.
 f - a +0 hand axe
 i - a +0 short sword of freezing
   (You took it off an orc on level 5 of the Dungeon)
 p - a +0 battleaxe
   (You took it off a wight on level 5 of the Dungeon)
 N - a +0 halberd
   (You found it on level 7 of the Dungeon)
Missiles
 o - 6 boomerangs (quivered)
 s - 6 poisoned darts
 Q - 33 stones
Armour
 h - a +0 chain mail (worn)
   (You took it off an orc priest on level 5 of the Dungeon)
 r - a +0 pair of gloves (worn)
   (You found it on level 2 of the Dungeon)
 K - a +2 kite shield (worn)
   (You found it on level 5 of the Dungeon)
Jewellery
 B - a +6 ring of strength (right hand)
   (You found it on level 2 of the Dungeon)
 C - a ring of magical power
   (You found it on level 3 of the Dungeon)
 G - an amulet of guardian spirit
   (You found it on level 4 of the Dungeon)
 L - a +4 ring of protection
   (You found it on level 5 of the Dungeon)
 M - an amulet of regeneration (around neck)
   (You found it on level 6 of the Dungeon)
 P - a ring of poison resistance
   (You found it on level 6 of the Dungeon)
 S - a ring of see invisible (left hand)
   (You found it on level 3 of the Dungeon)
Wands
 u - a wand of charming (11)
   (You found it on level 2 of the Dungeon)
 D - a wand of digging (2)
 J - a wand of polymorph (5)
   (You found it on level 5 of the Dungeon)
Scrolls
 c - 2 scrolls of fog
 d - 2 scrolls of magic mapping
 e - 2 scrolls of fear
 j - a scroll of enchant armour {unknown}
 k - 2 scrolls of vulnerability {unknown}
 q - 3 scrolls of blinking
 t - 6 scrolls of teleportation {@r4}
 v - a scroll of poison {!r}
 x - a scroll of immolation {unknown}
 y - 3 scrolls of noise {!r}
 z - a scroll of summoning {unknown}
 A - a scroll of brand weapon {unknown}
 F - a scroll of enchant weapon {unknown}
 H - 2 scrolls of identify {unknown}
 I - a scroll of amnesia {unknown}
Potions
 g - a potion of mutation {unknown}
 l - 4 potions of lignification {unknown}
 m - 3 potions of brilliance {unknown}
 n - a potion of ambrosia {unknown}
 w - a potion of might {unknown}
 E - a potion of berserk rage {unknown}


   Skills:
 + Level 7.4 Fighting
 * Level 9.5 Axes
 * Level 8.2 Ranged Weapons
 - Level 2.1 Dodging
 - Level 4.1 Stealth


You had 8 spell levels left.
You didn't know any spells.
Your spell library contained the following spells:

 Spells                   Type           Power      Damage    Failure   Level
 Cigotuvi's Dreadful Rot  Necr/Pois/Air  0%         N/A       100%        2
 Poisonous Vapours        Pois/Air       0%         N/A       100%        2
 Gell's Gravitas          Tloc           0%         N/A       100%        3
 Inner Flame              Hex/Fire       0%         N/A       100%        3
 Mephitic Cloud           Conj/Pois/Air  0%         N/A       100%        3
 Teleport Other           Tloc           0%         N/A       100%        3
 Vhi's Electric Charge    Tloc/Air       0%         N/A       100%        3
 Cause Fear               Hex            0%         N/A       100%        4
 Arcjolt                  Conj/Air       0%         1d10      100%        5
 Dispersal                Tloc           0%         N/A       100%        6
 Discord                  Hex            0%         N/A       100%        8
 Maxwell's Capacitive Co  Air            0%         ∞         100%        8


Dungeon Overview and Level Annotations

Branches:
Dungeon (7/15)             Temple (0/1) D:6          Bailey (1/1)

Altars:
Nemelex Xobeh
Okawaru
Sif Muna
Uskayaw
Xom

Shops:
D:4 [

Annotations:
D:3 1 runed translucent door, Crazy Yiuf


Innate Abilities, Weirdness & Mutations

You have a pair of horns on your head.
You reflexively headbutt those who attack you in melee.
You are partially covered in iridescent scales. (AC +2)
Your muscles are strong. (Str +4, Int/Dex -1)


Message History

You shoot a sling bullet.
The sling bullet hits the orc but does no damage.
Lightning courses through the orc!
You kill the orc!
The orc warrior shouts!
The orc shouts!
You shoot a sling bullet. The sling bullet hits the orc warrior!
The orc warrior shouts!
The orc shouts!
You shoot a sling bullet. The sling bullet hits the orc.
The orc warrior shouts!
The orc barely misses you.
You shoot a sling bullet. The sling bullet hits the orc.
Lightning courses through the orc!
You kill the orc!
An orc knight comes into view. It is wielding a +0 glaive.
The orc warrior hits you from afar with a +0 halberd!
The +1 sling "Yziaxo" {elec, Will++ rCorr} stops crackling.
a - a +0 war axe (weapon)
Found 2 gold pieces.
The orc knight shouts!
The orc warrior hits you with a +0 halberd.
You slice the orc warrior!!
You kill the orc warrior!
The orc knight shouts!
An orc warrior comes into view. It is wielding a +0 glaive.
You feel your intelligence returning.
Okay, then.
You hit the orc knight.
The orc warrior shouts!
You block the orc knight's attack.
You closely miss the orc knight.
The orc warrior shouts!
The orc knight hits you with a +0 glaive!
You barely miss the orc knight. You headbutt the orc knight!
You barely miss the orc warrior.
The orc warrior hits you with a +0 glaive.
You closely miss the orc knight.
You hit the orc warrior but do no damage.
The orc warrior hits you with a +0 glaive!
The orc knight roars a battlecry!
The orc warrior goes into a battle-frenzy!
You miss the orc knight. Your headbutt misses the orc knight.
You barely miss the orc warrior.
The orc warrior hits you with a +0 glaive!!
* * * LOW HITPOINT WARNING * * *
You block the orc knight's attack.
The orc warrior hits you with a +0 glaive!
* * * LOW HITPOINT WARNING * * *
The orc knight hits you with a +0 glaive!
You die...
Xom is highly amused!

# # #. .#
#..########..#
##...8o...8...##
#....o@))......#
#$.####''####.
###........####
................
............♣...
≈≈...#....#...♣♣
≈≈≈≈≈#....#≈≈≈≈≈
≈≈≈≈ #....# ≈≈≈≈
≈≈≈≈ #....#≈≈≈≈≈


You could see an orc knight (unable to see you) and an orc warrior (strong,
unable to see you).

Vanquished Creatures
  2 orc warriors (Bailey)
  3 sky beasts
  A phantom (D:6)
  3 scorpions
  2 bullfrogs (D:6)
  5 wights
  3 hounds
  4 jellies
  An orc priest (D:5)
  A sleepcap (D:6)
  Jessica (D:3)
  3 orc wizards
  Natasha (thrice) (D:3)
  5 iguanas
  12 adders
  3 gnolls (D:2)
  2 shadow imps
  A worm (D:2)
  A dart slug (D:5)
  28 orcs
  2 endoplasms (D:1)
  A giant cockroach (D:4)
  3 hobgoblins (D:3)
  6 jackals
  A quokka (D:1)
  9 ball pythons
  3 bats
  2 frilled lizards
  5 goblins
  8 kobolds
  5 rats
  A bush (D:1)
130 creatures vanquished.

Vanquished Creatures (collateral kills)
  An ogre (D:4)
  A scorpion (D:4)
  2 killer bees (D:7)
  An iguana (D:4)
  A hobgoblin (D:4)
  A ball python (D:4)
7 creatures vanquished.

Vanquished Creatures (others)
  A killer bee (D:7)
  4 plants (D:1)
5 creatures vanquished.

Grand Total: 142 creatures vanquished

Notes
Turn   | Place    | Note
-------+----------+-------------------------------------------
     0 | D:5      | Pooter the Minotaur Delver began the quest for the Orb.
     0 | D:5      | Reached XP level 1. HP: 19/19 MP: 0/0
    15 | D:5      | Noticed an iguana
    24 | D:5      | Identified the +1 sling "Yziaxo" {elec, Will++ rCorr}
    37 | D:5      | Reached skill level 1 in Ranged Weapons
    37 | D:5      | Reached XP level 2. HP: 27/27 MP: 1/1
   144 | D:5      | Reached skill level 3 in Axes
   145 | D:5      | Reached XP level 3. HP: 33/33 MP: 2/2
   159 | D:5      | Reached XP level 4. HP: 4/35 MP: 3/3
   162 | D:5      | HP: 1/35 [acid (4)]
   164 | D:5      | Reached skill level 4 in Axes
   568 | D:5      | Reached XP level 5. HP: 47/47 MP: 4/4
   590 | D:4      | Found Qugral's Armour Boutique.
   625 | D:4      | Noticed an ogre
   633 | D:3      | Noticed Jessica
   634 | D:3      | Noticed Natasha
   641 | D:3      | Killed Jessica
   647 | D:3      | Killed Natasha
   655 | D:3      | Reached skill level 5 in Axes
   846 | D:3      | Noticed Natasha
   856 | D:3      | Found a faded altar of an unknown god.
   863 | D:3      | Killed Natasha
   889 | D:3      | Prayed at the altar of an unknown god.
   889 | D:3      | Became a worshipper of Xom of Chaos
   904 | D:3      | Noticed Natasha
   916 | D:3      | Killed Natasha
   917 | D:3      | Reached XP level 6. HP: 27/55 MP: 5/5
   995 | D:3      | XOM: silly message
  1097 | D:3      | Found a runed translucent door.
  1098 | D:3      | Noticed Crazy Yiuf
  1432 | D:2      | Reached skill level 5 in Fighting
  1874 | D:2      | XOM: 1-stop teleportation journey
  3448 | D:3      | Found the +1 robe of Vines {NoPotionHeal Regen++++}
  3582 | D:3      | Found a hide-covered altar of Uskayaw.
  3588 | D:3      | Found a shimmering blue altar of Sif Muna.
  3643 | D:3      | XOM: 4-stop teleportation journey
  3649 | D:4      | XOM: cast spell 'Summon Cactus Giant'
  3655 | D:4      | Reached skill level 6 in Axes
  3670 | D:4      | Reached XP level 7. HP: 21/61 MP: 6/6
  3678 | D:4      | Reached skill level 5 in Ranged Weapons
  4065 | D:4      | Found a sparkling altar of Nemelex Xobeh.
  4065 | D:4      | Found an iron altar of Okawaru.
  4090 | D:4      | XOM: summons 4 hostile demons
  4235 | D:4      | XOM: give mutations
  4235 | D:4      | Gained mutation: You are partially covered in iridescent
                  | scales. (AC +2) [Xom's mischief]
  4235 | D:4      | Gained mutation: You are clumsy. (Dex -2) [Xom's mischief]
  4235 | D:4      | Lost mutation: You are clumsy. (Dex -2) [Xom's mischief]
  4235 | D:4      | Lost mutation: You are partially covered in iridescent
                  | scales. (AC +2) [Xom's mischief]
  4424 | D:5      | XOM: enchant monster (good)
  4580 | D:5      | Reached skill level 7 in Axes
  4861 | D:6      | Reached XP level 8. HP: 70/70 MP: 7/7
  4868 | D:6      | XOM: enchant monster (bad)
  5006 | D:6      | XOM: enchant monster (bad)
  5010 | D:6      | Reached skill level 8 in Axes
  5430 | D:6      | XOM is BORED!
  5430 | D:6      | XOM: stat loss: -3 Int (4/7)
  5439 | D:6      | Found a staircase to the Ecumenical Temple.
  5691 | D:7      | XOM: summons friendly shadow imp
  5699 | D:7      | Reached skill level 9 in Axes
  5731 | D:7      | Reached XP level 9. HP: 70/79 MP: 8/8
  5740 | D:7      | XOM: give mutations
  5740 | D:7      | Gained mutation: Your muscles are strong. (Str +4, Int/Dex
                  | -1) [Xom's mischief]
  5740 | D:7      | Gained mutation: You are partially covered in iridescent
                  | scales. (AC +2) [Xom's mischief]
  5740 | D:7      | Gained mutation: You are mostly covered in iridescent
                  | scales. (AC +4) [Xom's mischief]
  5740 | D:7      | Lost mutation: You are mostly covered in iridescent scales.
                  | (AC +4) [Xom's mischief]
  5748 | D:7      | Found a flagged portal.
  5757 | Bailey   | Entered a bailey
  5881 | Bailey   | XOM: potion effect (invisibility)
  5893 | Bailey   | Noticed an orc knight
  5901 | Bailey   | Mangled by an orc knight

Illustrated notes

Levels and vault maps discovered:
D:1:      minmay_arrival_radiant_lines, layout_basic, serial_forest,
          infiniplex_forest_clump_long, infiniplex_forest_lined_3,
          infiniplex_forest_clump_medium, infiniplex_forest_zigzag_1,
          infiniplex_forest_corner_1, infiniplex_forest_clump_diagonal,
          infiniplex_forest_straight_1, infiniplex_forest_straight_2,
          infiniplex_forest_end_1, infiniplex_forest_corner_1
D:2:      layout_loops_corners, item_on_display_b
D:3:      layout_basic, nicolae_overflow_hidden_temple, basic_ecumenical_altar,
          uniq_natasha, uniq_jessica, uniq_crazy_yiuf_cottage
D:4:      layout_cave_pools, nicolae_overflow_two_pavilions, serial_shops,
          nicolae_take_the_stairs
D:5:      layout_rooms, minmay_between
D:6:      layout_gridville, minmay_temple_entry_mini_moons, amethyst_killhole
D:7:      layout_basic, enter_bailey_2, gammafunk_ghost_cemetery
Bailey:   bailey_polearm_elven_captive_hellmonk, bailey

Skill      XL: |  1  2  3  4  5  6  7  8 |
---------------+-------------------------+-----
Ranged Weapons | 1 2 3 4 6 8 |  8.2
Axes           | 3 4 5 6 7 9 |  9.5
Fighting       | 4 5 6 7 |  7.4
Dodging        | |  2.1
Stealth        | |  4.1

Action                     |  1- 3 |  4- 6 |  7- 9 || total
---------------------------+-------+-------+-------++-------
  Melee: Hand axe          |    11 |    27 |       ||    38
         Headbutt          |     1 |    31 |    31 ||    63
         Short sword       |       |     9 |       ||     9
         War axe           |       |   116 |   110 ||   226
   Fire: Sling             |    10 |    74 |    79 ||   163
  Throw: Boomerang         |       |       |     8 ||     8
  Evoke: Wand              |       |     1 |     2 ||     3
    Use: Potion            |       |     1 |     1 ||     2
         Scroll            |       |     3 |     2 ||     5
   Stab: Distracted        |       |     1 |       ||     1
         Invisible         |       |       |     2 ||     2
 Armour: Leather armour    |     1 |     2 |       ||     3
         Chain mail        |       |    71 |    54 ||   125
  Dodge: Dodged            |     4 |    52 |    35 ||    91
  Block: Kite shield       |       |       |    50 ||    50

Table legend: (Time is in decaauts)
 A = Elapsed time spent in this place.
 B = Non-inter-level travel time spent in this place.
 C = Inter-level travel time spent in this place.
 D = Time resting spent in this place.
 E = Time spent auto-exploring this place.
 F = Levels seen in this place.
 G = Mean time per level.
                   A        B        C        D        E       F      G
               +--------+--------+--------+--------+--------+-----+--------+
         Total |   5989 |   5794 |    195 |   1114 |   3335 |   8 |  748.6 |
       Dungeon |   5840 |   5645 |    195 |   1014 |   3335 |   7 |  834.3 |
        Bailey |    148 |    148 |      0 |    100 |      0 |   1 |  148.0 |
               +--------+--------+--------+--------+--------+-----+--------+

Top non-repeatable levels by time:
     D:5: 1196 daAuts
     D:1: 1134 daAuts
     D:2: 970 daAuts
     D:3: 952 daAuts
     D:4: 759 daAuts
     D:6: 735 daAuts
  Bailey: 148 daAuts
     D:7: 90 daAuts
